 Dungeon Crawl Stone Soup version 0.31-a0-986-g5e6e4ef867 (webtiles) character file.

Game seed: 3853175006235316894

65 Curundu the Chopper (level 3, -4/33 HPs)
             Began as a Draconian Berserker on Nov 13, 2023.
             Was a Believer of Trog.
             Slain by an ogre
             ... wielding a +0 giant club
              (17 damage)
             ... on level 3 of the Dungeon.
             The game lasted 00:14:27 (2258 turns).

Curundu the Chopper (Draconian Berserker)           Turns: 2258, Time: 00:14:28

Health: -4/33      AC:  5    Str: 19    XL:     3   Next: 92%
Magic:  3/3        EV: 12    Int:  7    God:    Trog [**....]
Gold:   40         SH:  0    Dex: 12    Spells: 2/2 levels left

rFire   . . .        a - +0 hand axe
rCold   . . .        (no shield)
rNeg    . . .        (body armour unavailable)
rPois   .            g - +0 hat
rElec   .            (no cloak)
rCorr   .            (no gloves)
SInv    .            (no boots)
Will    .....        (no amulet)
Stlth   +            (no ring)
HPRegen 0.25/turn    (no ring)
MPRegen 0.08/turn

%: no passive effects
@: no status effects
A: AC +5, unfitting armour, cold-blooded
a: Renounce Religion, Berserk, Trog's Hand


You were on level 3 of the Dungeon.
You worshipped Trog.
Trog was pleased with you.
You visited 1 branch of the dungeon, and saw 3 of its levels.

You collected 40 gold pieces.

Inventory:

Hand Weapons
 a - a +0 hand axe (weapon)
Missiles
 n - 3 javelins (quivered)
Armour
 g - a +0 hat (worn)
Scrolls
 b - 3 scrolls of teleportation {unknown}
 c - a scroll of fear {unknown}
 l - a scroll of identify {unknown}
 m - a scroll of enchant weapon {unknown}
 o - a scroll of torment {unknown}
Potions
 d - a potion of haste {unknown}
 e - a potion of mutation {unknown}
 f - a potion of brilliance {unknown}
 h - 2 potions of curing {unknown}
 i - a potion of lignification {unknown}
 j - 2 potions of invisibility {unknown}
 k - 2 potions of berserk rage {unknown}


   Skills:
 + Level 3.8 Fighting
 + Level 4.0 Axes
 + Level 3.1 Dodging
 + Level 0.6 Stealth


You had 2 spell levels left.
You didn't know any spells.
Your spell library contained the following spells:

 Spells                   Type           Power      Damage    Failure   Level
 Kiss of Death            Conj/Necr      0%         2d5       43%         1
 Confusing Touch          Hex            0%         N/A       80%         3
 Dispel Undead            Necr           0%         3d6       99%         4


Dungeon Overview and Level Annotations

Branches:
Dungeon (3/15)

Altars:


Innate Abilities, Weirdness & Mutations

Your plain brown scales are hard. (AC +5)
You cannot fit into any form of body armour.
You are cold-blooded and may be slowed by cold attacks.


Message History

Trog accepts your kill.
You see here a ball python corpse.
The frilled lizard bites you but does no damage.
You see here a ball python corpse.
You closely miss the frilled lizard.
The frilled lizard bites you but does no damage.
You barely miss the frilled lizard.
Your tail-slap misses the frilled lizard.
The frilled lizard closely misses you.
You closely miss the frilled lizard. You tail-slap the frilled lizard.
The frilled lizard is heavily wounded.
The frilled lizard bites you.
You hit the frilled lizard.
You kill the frilled lizard!
Trog accepts your kill.
You start resting.
HP restored.
A quokka comes into view.
An ogre comes into view. It is wielding a +0 giant club.
The quokka barely misses you.
You hit the quokka. You tail-slap the quokka.
You kill the quokka!
Trog accepts your kill.
You see here a quokka corpse.
You hit the ogre but do no damage.
The ogre hits you with a +0 giant club!!
Ouch! That really hurt!
You hit the ogre.
The ogre is lightly wounded.
The ogre misses you.
You closely miss the ogre.
The ogre is lightly wounded.
The ogre completely misses you.
You hit the ogre.
The ogre is lightly wounded.
You hit the ogre. You tail-slap the ogre.
The ogre is moderately wounded.
The ogre hits you with a +0 giant club!
Ouch! That really hurt!
You die...

########..#.
#...@O...... ....
#.#########.###..##
#.# #.............
#.# #.#..# ....#
#.# #.#..# ....#
#.# #.#..# ##.#.#
#†# #.#..# #..#.#
#.# #.#..####..#.#
#.# #.#......†..[#


You could see an ogre.

Vanquished Creatures
  A worm (D:2)
  2 dart slugs (D:2)
  4 endoplasms
  3 giant cockroaches (D:1)
  5 hobgoblins
  8 jackals
  3 kobolds
  5 quokkas
  8 ball pythons
  3 bats
  4 frilled lizards
  7 rats
53 creatures vanquished.

Notes
Turn   | Place    | Note
-------+----------+-------------------------------------------
     0 | D:1      | Curundu the Draconian Berserker began the quest for the
                  | Orb.
     0 | D:1      | Reached XP level 1. HP: 19/19 MP: 1/1
   320 | D:1      | Reached XP level 2. HP: 25/26 MP: 2/2
  1164 | D:2      | Reached XP level 3. HP: 29/33 MP: 3/3
  1739 | D:2      | Reached ** piety under Trog
  2084 | D:2      | Reached skill level 4 in Axes
  2250 | D:3      | Noticed an ogre
  2258 | D:3      | Slain by an ogre

Illustrated notes

Levels and vault maps discovered:
D:1:      nzn_arrival_depleted_hourglass, layout_basic
D:2:      layout_basic
D:3:      layout_basic, lemuel_coloured_pillars_altar, serial_shops,
          shop_statue, uniq_sigmund

Skill      XL: |  1  2  3 |
---------------+----------+-----
Dodging        | 3 |  3.1
Axes           | 4 |  4.0
Fighting       | |  3.8
Stealth        | |  0.6

Action                     || total
---------------------------++-------
  Melee: Hand axe          ||   150
         Tailslap          ||    18
         Punch             ||     1
  Throw: Javelin           ||     5
   Stab: Sleeping          ||     2
 Armour: Skin              ||    82
  Dodge: Dodged            ||   100

Table legend: (Time is in decaauts)
 A = Elapsed time spent in this place.
 B = Non-inter-level travel time spent in this place.
 C = Inter-level travel time spent in this place.
 D = Time resting spent in this place.
 E = Time spent auto-exploring this place.
 F = Levels seen in this place.
 G = Mean time per level.
                   A        B        C        D        E       F      G
               +--------+--------+--------+--------+--------+-----+--------+
         Total |   2278 |   2274 |      4 |    116 |      0 |   3 |  759.3 |
       Dungeon |   2278 |   2274 |      4 |    116 |      0 |   3 |  759.3 |
               +--------+--------+--------+--------+--------+-----+--------+

Top non-repeatable levels by time:
     D:2: 1080 daAuts
     D:1: 1068 daAuts
     D:3: 129 daAuts
